 Dungeon Crawl Stone Soup version 0.30-a0-778-g2ef04afb54 (webtiles) character file.

Game seed: 16869766114592320597

518859 Loefaen the Slayer (level 24, -24/243 HPs)
             Began as a Minotaur Fighter on Jan 30, 2023.
             Was a High Priest of Nemelex Xobeh.
             Annihilated by a titanic slime creature (29 damage)
             ... on level 2 of the Pits of Slime on Feb 15, 2023.
             The game lasted 15:11:57 (79065 turns).

Loefaen the Slayer (Minotaur Fighter)              Turns: 79065, Time: 15:11:58

Health: -24/243    AC: 31    Str: 34    XL:     24   Next: 6%
Magic:  11/26      EV: 13    Int:  6    God:    Nemelex Xobeh [*****.]
Gold:   3184       SH:  0    Dex: 18    Spells: 23/23 levels left

rFire   + + .      SeeInvis .    w - +9 flail of Wrongful Imprisonment {protect, +Blink rCorr Int-2}
rCold   + . .      Faith    .    (no shield)
rNeg    . . .      Spirit   .    q - +7 plate armour of Ovvov {rF+ Str+3}
rPois   .          Reflect  .    (helmet restricted)
rElec   .          Harm     .    x - +2 cloak
rCorr   +          Rampage  .    a - +2 pair of gloves
Will    +++++      Rage     3%   N - +1 pair of boots of Terror {Will++} Stlth
                                 G - amulet "Erol" {Acrobat Str+2}
HPRegen 0.60/turn                z - ring "Xulootus" {rF+ Will++ Str+6}
MPRegen 0.20/turn                e - ring "Leetweadub" {rC+ Int+3 Stlth+}

@: corroded, on berserk cooldown, slowed, unable to drink, very slow
A: horns 2, retaliatory headbutt, berserk 1, weak 1, inability to drink after
injury 1
}: 3/15 runes: serpentine, barnacled, silver
a: Renounce Religion, Evoke Blink, Draw Escape, Draw Destruction, Draw
Summoning, Triple Draw, Deal Four, Stack Five


You were on level 2 of the Pits of Slime.
You worshipped Nemelex Xobeh.
Nemelex Xobeh was extremely pleased with you.
You visited 8 branches of the dungeon, and saw 42 of its levels.
You visited 1 bazaar.
You also visited: Bailey.

You collected 6730 gold pieces.
You spent 3546 gold pieces at shops.

Inventory:

Hand Weapons
 i - the +8 long sword "Minotaur's Curse" {venom, rElec rN++ Will- Dex+2}
   (You found it on level 4 of the Shoals)

   Dex:       It affects your dexterity (+2).
   rElec:     It insulates you from electricity.
   rN:        It greatly protects you from negative energy.
   Will:      It decreases your willpower.
 w - the +9 flail of Wrongful Imprisonment (weapon) {protect, +Blink rCorr Int-2}
   (You found it on level 4 of the Dungeon)

   Int:       It affects your intelligence (-2).
   +Blink:    It lets you blink.
   rCorr:     It protects you from acid and corrosion.
 E - the +8 spear of Contradiction {freeze, rElec rN+}
   (You found it on level 2 of the Depths)

   rElec:     It insulates you from electricity.
   rN:        It protects you from negative energy.
 F - the +4 war axe of the Twenty Lies {elec, Str+4 Int+4}
   (You took it off a centaur on level 5 of the Dungeon)

   Str:       It affects your strength (+4).
   Int:       It affects your intelligence (+4).
 L - the +9 eveningstar of Uncertain Death {heavy, rF+ Str+3}
   (You found it on level 2 of the Depths)

   Str:       It affects your strength (+3).
   rF:        It protects you from fire.
 R - a +9 lajatang of electrocution
 Z - the +7 shortbow "Viteiliqou" {heavy, rElec rF- rCorr Dex+5}
   (You found it on level 10 of the Dungeon)

   Dex:       It affects your dexterity (+5).
   rF:        It makes you vulnerable to fire.
   rElec:     It insulates you from electricity.
   rCorr:     It protects you from acid and corrosion.
Missiles
 d - 8 silver boomerangs
 t - 5 silver javelins (quivered)
 u - 12 curare-tipped darts
Armour
 a - a +2 pair of gloves (worn)
 c - the +1 buckler of the Planets {Harm rElec Regen+}
   (You bought it in a shop on level 15 of the Dungeon)

   rElec:     It insulates you from electricity.
   Regen:     It increases your rate of health regeneration.
   Harm:      It increases damage dealt and taken.
 q - the +7 plate armour of Ovvov (worn) {rF+ Str+3}
   (You bought it in a shop on level 2 of the Shoals)

   Str:       It affects your strength (+3).
   rF:        It protects you from fire.
 x - a +2 cloak (worn)
 I - an orb of mayhem
 N - the +1 pair of boots of Terror (worn) {Will++}
   (You found it on level 3 of the Snake Pit)

   Will:      It greatly increases your willpower.
Jewellery
 e - the ring "Leetweadub" (right hand) {rC+ Int+3 Stlth+}
   (You took it off a merfolk aquamancer on level 3 of the Shoals)

   [ring of protection from cold]

   Int:       It affects your intelligence (+3).
   rC:        It protects you from cold.
   Stlth:     It makes you more stealthy.
 z - the ring "Xulootus" (left hand) {rF+ Will++ Str+6}
   (You took it off an orc on level 4 of the Dungeon)

   [ring of strength]

   Str:       It affects your strength (+6).
   rF:        It protects you from fire.
   Will:      It greatly increases your willpower.
 G - the amulet "Erol" (around neck) {Acrobat Str+2}
   (You found it on level 4 of the Vaults)

   [amulet of the acrobat]

   It increases your evasion while moving and waiting.
   Str:       It affects your strength (+2).
 Y - an amulet of reflection
Wands
 f - a wand of iceblast (27)
 r - a wand of charming (29)
 A - a wand of acid (28)
 C - a wand of polymorph (4)
 S - a wand of mindburst (21)
 X - a wand of flame (28)
Scrolls
 l - a scroll of teleportation
 s - a scroll of torment
 y - 2 scrolls of silence
 D - 9 scrolls of immolation
 J - 4 scrolls of blinking
 M - 5 scrolls of fear
 Q - 4 scrolls of poison
 U - 4 scrolls of magic mapping
Potions
 g - a potion of heal wounds
 j - 10 potions of curing
 m - 5 potions of flight
 n - 11 potions of ambrosia
 o - 3 potions of cancellation
 v - 3 potions of experience
 B - 7 potions of haste
 K - 8 potions of mutation
 P - 7 potions of attraction
 T - a potion of berserk rage
 V - 4 potions of might
 W - 7 potions of invisibility
Miscellaneous
 b - a piece from Xom's chessboard (15/15)
 h - a lightning rod (4/4)
 k - a box of beasts
 p - a phial of floods
 H - a condenser vane (inert)
 O - a tin of tremorstones (2/2)


   Skills:
 + Level 25.2 Fighting
 + Level 10.3 Long Blades
 + Level 10.4(19.4) Axes
 + Level 24.6(25.2) Maces & Flails
 + Level 7.1(9.8) Polearms
 + Level 6.7 Ranged Weapons
 + Level 3.5 Throwing
 + Level 24.1 Armour
 + Level 6.5 Dodging
 + Level 4.3 Stealth
 + Level 23.3 Shields
 + Level 6.1 Invocations
 + Level 3.3 Evocations


You had 23 spell levels left.
You didn't know any spells.
Your spell library contained the following spells:

 Spells                   Type           Power      Damage    Failure   Level
 Beastly Appendage        Tmut           0%         N/A       80%         1
 Freeze                   Ice            0%         1d3       80%         1
 Kiss of Death            Conj/Necr      0%         2d5       80%         1
 Sting                    Tmut/Pois      0%         1d3       80%         1
 Summon Small Mammal      Summ           0%         N/A       80%         1
 Blink                    Tloc           0%         N/A       91%         2
 Ensorcelled Hibernation  Hex/Ice        0%         N/A       91%         2
 Lesser Beckoning         Tloc           0%         N/A       91%         2
 Momentum Strike          Conj/Tloc      0%         3d8       91%         2
 Poisonous Vapours        Pois/Air       0%         N/A       91%         2
 Scorch                   Fire           0%         2d5       91%         2
 Wereblood                Tmut           0%         N/A       91%         2
 Call Canine Familiar     Summ           0%         N/A       99%         3
 Confusing Touch          Hex            0%         N/A       99%         3
 Frozen Ramparts          Ice            0%         1d1       99%         3
 Hailstorm                Conj/Ice       0%         3d3       99%         3
 Ignite Poison            Fire/Tmut/Pois 0%         N/A       99%         3
 Inner Flame              Hex/Fire       0%         N/A       99%         3
 Kindle Blastsparks       Fire/Tloc/Air  0%         2d10      99%         3
 Ozocubu's Armour         Ice            0%         N/A       99%         3
 Portal Projectile        Hex/Tloc       0%         N/A       99%         3
 Spider Form              Tmut/Pois      0%         N/A       99%         3
 Stone Arrow              Conj/Erth      0%         3d7       99%         3
 Summon Guardian Golem    Hex/Summ       0%         N/A       99%         3
 Tukima's Dance           Hex            0%         N/A       99%         3
 Animate Armour           Summ/Erth      0%         N/A       100%        4
 Animate Dead             Necr           0%         N/A       100%        4
 Cause Fear               Hex            0%         N/A       100%        4
 Dispel Undead            Necr           0%         3d6       100%        4
 Flame Wave               Conj/Fire      0%         2d4       100%        4
 Ice Form                 Ice/Tmut       0%         N/A       100%        4
 Olgreb's Toxic Radiance  Pois           0%         N/A       100%        4
 Passage of Golubria      Tloc           0%         N/A       100%        4
 Summon Ice Beast         Ice/Summ       0%         N/A       100%        4
 Alistair's Intoxication  Tmut/Pois      0%         N/A       100%        5
 Blade Hands              Tmut           0%         N/A       100%        5
 Borgnjor's Vile Clutch   Necr/Erth      0%         N/A       100%        5
 Freezing Cloud           Conj/Ice/Air   0%         6-21      100%        5
 Iskenderun's Battlesphe  Conj           0%         2d6       100%        5
 Metabolic Englaciation   Hex/Ice        0%         N/A       100%        5
 Silence                  Hex/Air        0%         N/A       100%        5
 Yara's Violent Unravell  Hex/Tmut       0%         3d3       100%        5
 Conjure Ball Lightning   Conj/Air       0%         3x3d6     100%        6
 Death Channel            Necr           0%         N/A       100%        6
 Eringya's Noxious Bog    Tmut/Pois      0%         N/A       100%        6
 Iron Shot                Conj/Erth      0%         9d1       100%        6
 Simulacrum               Ice/Necr       0%         N/A       100%        6
 Summon Cactus Giant      Summ           0%         N/A       100%        6
 Enfeeble                 Hex            0%         N/A       100%        7
 Malign Gateway           Summ/Tloc      0%         N/A       100%        7
 Ozocubu's Refrigeration  Ice            0%         4d7       100%        7
 Spellforged Servitor     Conj/Summ      0%         N/A       100%        7
 Discord                  Hex            0%         N/A       100%        8
 Disjunction              Tloc           0%         N/A       100%        8
 Ignition                 Fire           0%         3d3       100%        8
 Lehudib's Crystal Spear  Conj/Erth      0%         10d2      100%        8
 Summon Horrible Things   Summ           0%         N/A       100%        8
 Fire Storm               Conj/Fire      0%         5d1       100%        9


Dungeon Overview and Level Annotations

Branches:
Dungeon (15/15)            Temple (0/1) D:6            Lair (5/5) D:8
 Shoals (4/4) Lair:2        Snake (4/4) Lair:3        Slime (3/5) Lair:4
    Orc (2/2) D:11            Elf (0/3) Orc:2        Vaults (5/5) D:13
  Crypt (0/3) Vaults:2     Depths (4/4) D:15            Zot (0/5) Depths:4
 Bailey (visited)

Altars:
Ashenzari
Elyvilon
Gozag
Makhleb
Nemelex Xobeh
Qazlal
Trog
Vehumet
Wu Jian
Xom
Yredelemnul
Zin
Jiyva

Shops:
D:7 !   D:8 *   D:15 [:=*:   Orc:2 **!:   Shoals:1 !   Shoals:2 *[   Shoals:3 :
Shoals:4 *   Vaults:5 =[

Portals:
Hell: Depths:1 Depths:2 Depths:3 Depths:4
Abyss: Depths:3
Pandemonium: Depths:2 Depths:3
Ziggurat: Depths:1

Annotations:
Lair:5 Josephine
Snake:3 Dohiodol's ghost, journeyman MiBe
Depths:3 1 runed translucent door
Abyss:1 Amaemon


Innate Abilities, Weirdness & Mutations

You have a pair of horns on your head.
You reflexively headbutt those who attack you in melee.
You sometimes lose your temper in combat.
You are weak. (Str -2)
You occasionally lose the ability to drink potions when taking damage.


Message History

Keep equipping yourself? [Y]es or [N]o only, please.
Keep equipping yourself?
The acid blob spits acid at you.
The splash of acid hits you but does no damage.
The acid corrodes you!
The acid blob hits you but does no damage. x2
Two slime creatures merge to form a titanic slime creature.
The rockslime hits you!!
You hold your ground!
The acid blob spits acid at you.
The splash of acid hits you but does no damage.
The acid blob spits acid at you.
The splash of acid hits you but does no damage.
The acid corrodes you!
A large slime creature splits.
The acid blob misses you. The rockslime completely misses you.
You start putting on your armour.
You continue putting on the +1 buckler of the Planets {Harm rElec Regen+}.
The rockslime hits you but does no damage.
The very large slime creature hits you!!
* * * LOW HITPOINT WARNING * * *
The titanic slime creature barely misses you.
You furiously retaliate!
You headbutt the titanic slime creature!
The acid blob hits you but does no damage.
The acid blob spits acid at you. The splash of acid hits you. You resist.
* * * LOW HITPOINT WARNING * * *
The acid corrodes you! The acid blob barely misses you.
You furiously retaliate!
You headbutt the acid blob, but do no damage.
The rockslime hits you!!
* * * LOW HITPOINT WARNING * * *
You hold your ground!
A titanic slime creature splits.
The rockslime hits you!!
You feel threatened and lose the ability to drink potions!
* * * LOW HITPOINT WARNING * * *
You hold your ground!
The very large slime creature closely misses you.
The titanic slime creature hits you!!
You die...
Your body disappears without a glow.

.#. #................
....####............... .
...#.#.............# ..
#...§§§..........##. ...
#§§§§§.....>....... ....
##§J§§§§............
.....#§§JJJ§§..........#.
.......JJJJ§§............
....##J@JJ§§#........##.
.....§§☼JJ§○§..........#
.....§§§#§§§##....#.#....
#..._..##....###.####....
#...... #.....#### .##
....... ##...## ##
..#.... #..## <.#.#..
...# #.##


You could see 3 acid blobs, an azure jelly, 2 titanic slime creatures, 2 very
large slime creatures, a large slime creature, 2 slime creatures and 2
rockslimes.

Vanquished Creatures
  A dread lich (Depths:3)
  An ancient lich (Vaults:5)
  2 juggernauts
  Vashnia (Snake:3)
  A caustic shrike (Depths:3)
  Nikola (Shoals:3)
  Jory (Depths:3)
  A bone dragon (Depths:4)
  the Enchantress (Depths:4)
  A Brimstone Fiend (Depths:2)
  Mlioglotl (Shoals:3)
  Jorgrun (D:13)
  5 liches
  2 tentacled monstrosities (Depths:3)
  3 quicksilver dragons
  A titan (Vaults:5)
  Asterion (Depths:1)
  3 krakens
  2 acid blobs
  Polyphemus (Shoals:3)
  An Executioner (Depths:2)
  A storm dragon (Depths:3)
  5 tengu reavers
  Donald (Vaults:3)
  7 sphinxes
  8 shadow dragons
  6 nagarajas
  An azure jelly (Lair:4)
  2 rockslimes
  8 fire giants
  An emperor scorpion (Vaults:1)
  16 vault wardens
  2 iron dragons
  Aizul (Snake:3)
  Louise (Depths:3)
  An orc warlord (Vaults:1)
  12 frost giants
  A draconian shifter (Depths:4)
  2 deep elf sorcerers
  A draconian stormcaller (Depths:4)
  3 spectral caustic shrikes (Depths:1)
  20 ironbound preservers
  A cacodemon (Depths:3)
  4 vampire knights
  5 spriggan defenders
  35 very ugly things
  5 war gargoyles
  11 stone giants
  4 ironbound thunderhulks
  A quicksilver ooze (Slime:2)
  An eleionoma (Vaults:5)
  7 deep elf demonologists
  5 dire elephants (Vaults:1)
  A white draconian (Depths:4)
  A green draconian (Depths:4)
  10 spark wasps
  3 yellow draconians (Depths:4)
  A deep elf annihilator (Vaults:5)
  A purple draconian (Depths:4)
  2 red draconians (Depths:4)
  A deep elf death mage (Vaults:2)
  2 eidola (Vaults:2)
  A crystal guardian (Vaults:2)
  2 merfolk javelineers (Shoals:4)
  8 merfolk impalers
  A blizzard demon (Depths:2)
  4 green deaths (Depths:2)
  11 ettins
  12 ice dragons
  24 vault guards
  5 great orbs of eyes
  5 fire dragons
  9 yaktaur captains
  A salamander tyrant (Snake:4)
  2 deep elf high priests
  5 rakshasas
  2 hydras
  Erolcha (D:11)
  7 peacekeepers
  6 spriggan air magi
  16 two-headed ogres
  2 ogre magi (D:15)
  19 centaur warriors
  3 merfolk avatars
  2 catoblepae
  5 ironbound frosthearts
  4 boulder beetles
  7 merfolk aquamancers
  An alligator snapping turtle (Shoals:3)
  23 anacondas
  A death knight (D:15)
  2 satyrs (Shoals:4)
  2 tengu warriors (Depths:3)
  10 deep troll shamans
  3 death yaks (Shoals:3)
  14 deep troll earth magi
  12 naga warriors
  22 naga sharpshooters
  Sonja (D:10)
  An orc high priest (Orc:2)
  14 shock serpents
  6 spriggan berserkers
  14 hell knights
  4 soul eaters
  A fire crab (Orc:2)
  6 salamander mystics
  4 skeletal warriors (D:13)
  3 sun demons (Depths:3)
  10 iron trolls
  2 sixfirhies
  18 sea snakes
  71 deep trolls
  A shadow wraith (Vaults:5)
  An orb spider (D:12)
  3 glowing orange brains
  A flayed ghost (Depths:3)
  13 naga ritualists
  A skyshark (shapeshifter) (Depths:4)
  A swamp dragon (Vaults:1)
  The ghost of vilexx the Geomancer, a novice GrEE of Gozag (D:8)
  2 steelbarb worms
  6 wizards
  A lindwurm (shapeshifter) (Vaults:4)
  A steelbarb worm (shapeshifter) (D:14)
  2 deep elf zephyrmancers (D:15)
  An orange crystal statue (Depths:4)
  7 phantasmal warriors
  26 ironbound convokers
  15 harpies
  27 lindwurms
  10 orc knights
  6 necromancers
  19 salamanders
  3 fauns
  54 ugly things
  3 deep elf pyromancers (D:15)
  2 orc sorcerers (Orc:2)
  3 shining eyes
  17 manticores
  21 mana vipers
  8 cyclopes
  A moth of wrath (D:12)
  17 naga magi
  17 vault sentinels
  16 elephants
  A centaur zombie (D:15)
  55 black mambas
  6 water nymphs
  10 merfolk sirens
  2 rust devils (Depths:2)
  3 gargoyles
  A centaur skeleton (D:15)
  An eye of devastation (shapeshifter) (Vaults:5)
  4 smoke demons
  8 guardian serpents (Snake:4)
  A cane toad (shapeshifter) (D:15)
  2 molten gargoyles (Lair:5)
  5 orange demons
  24 yaktaurs
  3 unseen horrors
  2 rime drakes (shapeshifter)
  9 cane toads
  A kobold demonologist (D:6)
  A freezing wraith (Vaults:5)
  A tengu conjurer (Depths:3)
  7 komodo dragons
  2 rime drakes
  3 red devils
  A queen bee (D:12)
  33 merfolk
  The ghost of bratinateska the Trooper, an amateur MiFi (D:5)
  A meliai (shapeshifter) (D:15)
  5 meliai
  9 trolls
  5 wind drakes
  A polar bear (shapeshifter) (Vaults:5)
  A hellwing (Depths:3)
  2 polar bears (Lair:4)
  Grinder (D:4)
  3 blink frogs (Lair:5)
  A tyrant leech (Lair:3)
  10 hornets
  11 dream sheep
  4 snapping turtles (Shoals:4)
  A raiju (Depths:4)
  50 slime creatures
  A jumping spider (Vaults:1)
  2 culicivoras (shapeshifter)
  11 water elementals
  3 ynoxinuls
  A culicivora (Orc:2)
  4 hogs (Snake:3)
  13 wyverns
  2 wraiths
  13 spriggans
  A hog (shapeshifter) (Vaults:5)
  43 yaks
  7 basilisks
  A human (D:14)
  A neqoxec (D:11)
  Eustachio (D:4)
  A human (shapeshifter) (Vaults:1)
  Menkaure (D:5)
  2 chaos spawn
  A human simulacrum (Vaults:1)
  A redback (Vaults:5)
  A warg (Orc:2)
  4 steam dragons
  2 swamp worms (Lair:3)
  3 acid dragons
  43 nagas
  11 water moccasins
  3 floating eyes
  4 hell hounds (Lair:5)
  3 ice beasts
  A floating eye (shapeshifter) (Vaults:3)
  29 orc warriors
  2 sky beasts
  A swamp drake (D:14)
  6 black bears
  15 ogres
  5 boggarts
  24 centaurs
  2 phantoms
  9 bullfrogs
  A necrophage (D:5)
  2 gnoll sergeants
  2 scorpions
  A wyvern zombie (D:8)
  5 wights (D:9)
  A hornet simulacrum (D:15)
  35 killer bees
  7 howler monkeys
  13 electric eels
  5 lava snakes (Lair:5)
  2 hounds
  3 quasits (D:11)
  19 orc priests
  2 gnoll boudas
  Crazy Yiuf (D:5)
  3 jellies
  Natasha (thrice) (D:3)
  5 iguanas
  19 orc wizards
  A howler monkey zombie (D:8)
  Robin (D:2)
  19 gnolls
  8 adders
  4 shadow imps
  A white imp (D:7)
  3 worms
  A dart slug (D:1)
  87 orcs
  4 bats
  6 endoplasms
  A giant cockroach (D:4)
  17 goblins
  9 hobgoblins
  6 jackals
  7 kobolds
  5 quokkas
  4 ball pythons
  5 frilled lizards
  6 rats
1843 creatures vanquished.

Vanquished Creatures (collateral kills)
  2 titans
  A frost giant (Vaults:5)
  A vault warden (Vaults:5)
  A very ugly thing (Vaults:5)
  A yaktaur captain (Vaults:5)
  9 vault guards
  An ogre mage (Vaults:5)
  4 two-headed ogres
  An ironbound convoker (Vaults:5)
  A phantasmal warrior (Vaults:5)
  An orc sorcerer (Vaults:5)
  2 ugly things
  2 vault sentinels
  4 yaktaurs
  A troll (Vaults:5)
  A wraith (Vaults:2)
  An ogre (Vaults:5)
34 creatures vanquished.

Vanquished Creatures (others)
  Kirke (Snake:3)
  3 vault guards
  A two-headed ogre (Vaults:4)
  A yaktaur (Vaults:5)
  9 demonic plants (D:11)
  22 fungi
  95 plants
  16 tentacles
148 creatures vanquished.

Grand Total: 2025 creatures vanquished

Notes
Turn   | Place    | Note
-------+----------+-------------------------------------------
     0 | D:1      | Loefaen the Minotaur Fighter began the quest for the Orb.
     0 | D:1      | Reached XP level 1. HP: 19/19 MP: 0/0
   232 | D:1      | Reached XP level 2. HP: 23/27 MP: 1/1
   312 | D:1      | Reached skill level 4 in Fighting
   771 | D:1      | Reached XP level 3. HP: 33/33 MP: 2/2
  2314 | D:2      | Noticed Robin
  2327 | D:2      | Killed Robin
  2676 | D:3      | Reached XP level 4. HP: 39/40 MP: 3/3
  2706 | D:3      | Noticed Natasha
  2714 | D:3      | Killed Natasha
  2888 | D:3      | Noticed Natasha
  2895 | D:3      | Killed Natasha
  2911 | D:3      | Found a sparkling altar of Nemelex Xobeh.
  2915 | D:3      | Found a white marble altar of Elyvilon.
  3022 | D:3      | Found a shimmering altar of Xom.
  3068 | D:3      | Reached XP level 5. HP: 46/46 MP: 4/4
  3068 | D:3      | Noticed Natasha
  3084 | D:3      | Killed Natasha
  3290 | D:3      | Became a worshipper of Nemelex Xobeh the Trickster
  3341 | D:3      | Reached skill level 5 in Armour
  3424 | D:3      | You are sucked into a shaft and drop 1 floor!
  3425 | D:4      | Noticed Eustachio
  3446 | D:4      | Killed Eustachio
  3447 | D:4      | Reached skill level 5 in Axes
  3447 | D:4      | Reached XP level 6. HP: 28/53 MP: 5/5
  3921 | D:4      | Noticed Grinder
  3948 | D:4      | Paralysed by Grinder for 4 turns
  3952 | D:4      | Killed Grinder
  3953 | D:4      | Reached skill level 1 in Dodging
  4131 | D:4      | Found a radiant altar of Vehumet.
  4135 | D:4      | Identified the +9 flail of Wrongful Imprisonment {protect,
                  | +Blink rCorr Int-2}
  4170 | D:4      | Reached XP level 7. HP: 60/60 MP: 6/6
  4170 | D:4      | Upgraded the game from 0.30-a0-728-gc68057be0a to
                  | 0.30-a0-737-gf23d94013f
  4235 | D:5      | Entered Level 5 of the Dungeon
  4309 | D:5      | Reached skill level 5 in Fighting
  4538 | D:4      | Identified the ring "Xulootus" {rF+ Will++ Str+6}
  4975 | D:4      | Reached * piety under Nemelex Xobeh
  5458 | D:5      | Reached skill level 1 in Maces & Flails
  5514 | D:5      | Noticed Menkaure
  5520 | D:5      | Killed Menkaure
  5668 | D:5      | Reached XP level 8. HP: 69/69 MP: 7/7
  5699 | D:5      | Received a gift from Nemelex Xobeh
  5734 | D:5      | Found a runed translucent door.
  5735 | D:5      | Noticed Crazy Yiuf
  5739 | D:5      | Killed Crazy Yiuf
  5941 | D:5      | Identified the +4 war axe of the Twenty Lies {elec, Str+4
                  | Int+4}
  5942 | D:5      | Identified the +0 plate armour of Fortification {Str+4
                  | Dex+4}
  5953 | D:5      | Reached skill level 5 in Shields
  5961 | D:5      | Reached skill level 5 in Maces & Flails
  6149 | D:5      | Reached skill level 6 in Fighting
  6269 | D:5      | Found a bloodstained altar of Trog.
  6322 | D:5      | Reached skill level 1 in Stealth
  6374 | D:5      | Found a runed translucent door.
  6376 | D:5      | Noticed bratinateska's ghost (amateur MiFi)
  6417 | D:5      | Upgraded the game from 0.30-a0-737-gf23d94013f to
                  | 0.30-a0-738-g116ff8c4af
  6584 | D:6      | Received a gift from Nemelex Xobeh
  6757 | D:6      | Reached ** piety under Nemelex Xobeh
  6839 | D:6      | Reached XP level 9. HP: 78/78 MP: 8/8
  6840 | D:6      | Noticed a kobold demonologist
  6887 | D:6      | Found a transporter.
  7079 | D:6      | Found a broken altar of Ashenzari.
  7483 | D:6      | Found a transporter.
  7814 | D:7      | Reached skill level 7 in Fighting
  8060 | D:7      | Found Plog's Distillery.
  8366 | D:8      | Found a runed translucent gate.
  8366 | D:8      | Found a runed translucent gate.
  8366 | D:8      | Found a runed translucent gate.
  8366 | D:8      | Noticed vilexx's ghost (novice GrEE)
  8375 | D:8      | Reached skill level 10 in Maces & Flails
  8375 | D:8      | Found a basalt altar of Yredelemnul.
  8795 | D:8      | Noticed a two-headed ogre
  8824 | D:8      | a two-headed ogre changed into a shining eye
  8824 | D:8      | Noticed a shining eye
  8827 | D:8      | Killed a shining eye
  8828 | D:8      | Reached XP level 10. HP: 83/88 MP: 9/9
  8895 | D:8      | Found Ypoapn's Assorted Antiques.
  9069 | D:8      | Found a staircase to the Lair.
  9078 | D:8      | Reached *** piety under Nemelex Xobeh
  9155 | D:8      | Noticed an orange demon
  9164 | D:8      | Noticed Amaemon
  9241 | D:8      | Banished Amaemon
  9242 | D:8      | Reached skill level 1 in Throwing
  9245 | D:8      | Killed an orange demon
  9980 | D:8      | Killed vilexx's ghost
  9981 | D:8      | Reached skill level 8 in Fighting
 10279 | D:8      | Found a burning altar of Makhleb.
 10636 | D:9      | Found a flagged portal.
 10675 | Bailey   | Entered a bailey
 10986 | Bailey   | Reached skill level 10 in Armour
 11205 | D:9      | Noticed a two-headed ogre
 11319 | D:9      | Noticed a two-headed ogre
 11331 | D:9      | Killed a two-headed ogre
 11332 | D:9      | Reached skill level 1 in Evocations
 11605 | D:9      | Killed a two-headed ogre
 11606 | D:9      | Reached XP level 11. HP: 79/95 MP: 10/10
 11834 | D:9      | Upgraded the game from 0.30-a0-738-g116ff8c4af to
                  | 0.30-a0-743-gbfdf073431
 12067 | D:9      | Received a gift from Nemelex Xobeh
 12358 | D:9      | Reached skill level 9 in Fighting
 12861 | D:10     | Entered Level 10 of the Dungeon
 12873 | D:10     | Noticed Sonja
 12889 | D:10     | Killed Sonja
 12916 | D:10     | Noticed a two-headed ogre
 12925 | D:10     | Killed a two-headed ogre
 13235 | D:10     | Received a gift from Nemelex Xobeh
 13336 | D:10     | Reached **** piety under Nemelex Xobeh
 13368 | D:10     | Found an opulent altar of Gozag.
 13378 | D:10     | Received a gift from Nemelex Xobeh
 14165 | D:11     | Noticed a two-headed ogre
 14173 | D:11     | Killed a two-headed ogre
 14311 | D:11     | Noticed a sixfirhy
 14326 | D:11     | Killed a sixfirhy
 14327 | D:11     | Reached skill level 10 in Fighting
 14515 | D:11     | Found a staircase to the Orcish Mines.
 14609 | D:11     | Received a gift from Nemelex Xobeh
 14743 | D:11     | Noticed a soul eater
 14873 | D:10     | Identified the +7 shortbow "Viteiliqou" {heavy, rElec rF-
                  | rCorr Dex+5}
 15228 | D:11     | Reached XP level 12. HP: 107/107 MP: 11/11
 15228 | D:11     | Upgraded the game from 0.30-a0-743-gbfdf073431 to
                  | 0.30-a0-755-g0b50240ab4
 15633 | D:12     | Noticed a centaur warrior
 15651 | D:12     | Killed a centaur warrior
 15781 | D:12     | Reached ***** piety under Nemelex Xobeh
 15981 | D:12     | Received a gift from Nemelex Xobeh
 16011 | D:12     | Noticed a two-headed ogre
 16023 | D:12     | a two-headed ogre changed into an orb spider
 16048 | D:12     | Reached skill level 11 in Fighting
 16162 | D:12     | Noticed a centaur warrior
 16166 | D:12     | Noticed a boulder beetle
 16169 | D:12     | a centaur warrior changed into a floating eye
 16169 | D:12     | a boulder beetle changed into a goliath frog
 16175 | D:12     | Paralysed by a floating eye for 2 turns
 17226 | D:12     | Reached skill level 15 in Maces & Flails
 18828 | D:5      | Found a glowing silver altar of Zin.
 18868 | D:5      | Found an ornate altar of the Wu Jian Council.
 18990 | D:5      | Killed bratinateska's ghost
 19156 | D:6      | Found a staircase to the Ecumenical Temple.
 19412 | D:7      | Bought a potion of attraction for 33 gold pieces
 19643 | D:8      | Bought a crooked fluorescent wand for 108 gold pieces
 20211 | D:11     | Identified the +2 spear of the Inviting Gods {antimagic,
                  | Contam *Noise Will+++ Stlth+}
 20404 | D:11     | Noticed a boulder beetle
 20408 | D:11     | Killed a boulder beetle
 20532 | D:11     | Noticed Erolcha
 20536 | D:11     | Killed Erolcha
 20940 | Lair:1   | Entered Level 1 of the Lair of Beasts
 20990 | Lair:1   | Received a gift from Nemelex Xobeh
 21166 | Lair:1   | Reached skill level 12 in Fighting
 21183 | Lair:1   | Reached XP level 13. HP: 118/118 MP: 12/12
 21991 | Lair:2   | Received a gift from Nemelex Xobeh
 22280 | Lair:2   | Reached skill level 10 in Shields
 22339 | Lair:2   | Found a staircase to the Shoals.
 22408 | Lair:2   | Received a gift from Nemelex Xobeh
 22752 | Lair:2   | Received a gift from Nemelex Xobeh
 23213 | Lair:3   | Reached ****** piety under Nemelex Xobeh
 23213 | Lair:3   | Received a gift from Nemelex Xobeh
 23253 | Lair:3   | Reached skill level 13 in Fighting
 23748 | Lair:4   | Received a gift from Nemelex Xobeh
 23989 | Lair:4   | Received a gift from Nemelex Xobeh
 25191 | Lair:2   | Identified the +3 trident of Waen {flame, SInv}
 25411 | Lair:3   | Received a gift from Nemelex Xobeh
 25765 | Lair:3   | Found a staircase to the Snake Pit.
 26012 | Lair:4   | Found a viscous altar of Jiyva.
 26012 | Lair:4   | Found a staircase to the Slime Pits.
 26085 | Lair:4   | Reached skill level 15 in Armour
 26228 | Lair:4   | Received a gift from Nemelex Xobeh
 26349 | Lair:5   | Entered Level 5 of the Lair of Beasts
 26690 | Lair:5   | Reached XP level 14. HP: 119/130 MP: 13/13
 26885 | Lair:5   | Received a gift from Nemelex Xobeh
 26988 | Lair:5   | Noticed Josephine
 27286 | Lair:5   | Reached skill level 1 in Invocations
 27537 | Lair:5   | Reached skill level 14 in Fighting
 28051 | Lair:5   | Found a large runed translucent door.
 28052 | Lair:5   | Found a large runed translucent door.
 28833 | Orc:1    | Entered Level 1 of the Orcish Mines
 29368 | Orc:2    | Entered Level 2 of the Orcish Mines
 29368 | Orc:2    | Received a gift from Nemelex Xobeh
 29789 | Orc:2    | Found a staircase to the Elven Halls.
 30275 | Orc:2    | Found Ymeam's General Store.
 30275 | Orc:2    | Found Kunil's General Store.
 30279 | Orc:2    | Found Nyecka's Distillery.
 30279 | Orc:2    | Found Wojiadiu's Book Emporium.
 30286 | Orc:2    | Bought a wand of acid (5) for 294 gold pieces
 30290 | Orc:2    | Bought a potion of invisibility for 120 gold pieces
 30298 | Orc:2    | Bought an amulet of the acrobat for 420 gold pieces
 31005 | D:13     | Noticed Jorgrun
 31022 | D:13     | Killed Jorgrun
 31270 | D:13     | Received a gift from Nemelex Xobeh
 31499 | D:13     | Found a gate to the Vaults.
 32359 | D:14     | Reached skill level 15 in Fighting
 32359 | D:14     | Reached XP level 15. HP: 126/141 MP: 15/15
 32387 | D:14     | Upgraded the game from 0.30-a0-755-g0b50240ab4 to
                  | 0.30-a0-758-gc2c871d025
 32412 | D:14     | Noticed Lodul
 32418 | D:14     | Lodul changed into Lodul the human
 32418 | D:14     | Noticed Lodul
 32429 | D:14     | Killed Lodul the human
 32652 | D:14     | Received a gift from Nemelex Xobeh
 33338 | D:15     | Entered Level 15 of the Dungeon
 33338 | D:15     | Found Hiyriwus's Book Emporium.
 33364 | D:15     | Found Zilapiy's Assorted Antiques.
 33378 | D:15     | Bought a scroll labelled KYDALI DECWIQE for 30 gold pieces
 33442 | D:15     | Found Foaraops's Book Shop.
 33498 | D:15     | Received a gift from Nemelex Xobeh
 33621 | D:15     | Found a staircase to the Depths.
 33666 | D:15     | Found Ymexacs's Armour Emporium.
 33696 | D:15     | Bought the +1 buckler of the Planets {Harm rElec Regen+}
                  | for 423 gold pieces
 33835 | D:15     | Found a stormy altar of Qazlal.
 33935 | D:15     | Found Pusmusigge's Jewellery Emporium.
 35495 | Snake:1  | Entered Level 1 of the Snake Pit
 35531 | Snake:1  | Noticed Agnes
 35533 | Snake:1  | Agnes changed into Agnes the anaconda
 35533 | Snake:1  | Noticed Agnes
 35537 | Snake:1  | Killed Agnes the anaconda
 35701 | Snake:1  | Reached skill level 16 in Fighting
 36157 | Snake:1  | Reached skill level 1 in Ranged Weapons
 36180 | Snake:1  | Reached XP level 16. HP: 78/151 MP: 17/17
 38083 | Snake:3  | Found a transporter.
 38098 | Snake:3  | Received a gift from Nemelex Xobeh
 38182 | Snake:3  | Reached skill level 15 in Shields
 38368 | Snake:3  | Noticed Aizul
 38385 | Snake:3  | Killed Aizul
 38508 | Snake:3  | Noticed Kirke
 38542 | Snake:3  | Killed Kirke
 38591 | Snake:3  | Reached skill level 17 in Fighting
 38677 | Snake:3  | Noticed Vashnia
 38717 | Snake:3  | Killed Vashnia
 38981 | Snake:3  | Noticed Dohiodol's ghost (journeyman MiBe)
 39067 | Snake:3  | Found a transporter.
 40052 | Snake:3  | Identified the +1 pair of boots of Terror {Will++}
 40617 | Snake:3  | Reached XP level 17. HP: 104/162 MP: 18/18
 40717 | Snake:4  | Entered Level 4 of the Snake Pit
 40718 | Snake:4  | Upgraded the game from 0.30-a0-758-gc2c871d025 to
                  | 0.30-a0-760-g5a9884bb7c
 41024 | Snake:4  | Received a gift from Nemelex Xobeh
 41519 | Snake:4  | Upgraded the game from 0.30-a0-760-g5a9884bb7c to
                  | 0.30-a0-765-g3161bf10a1
 41968 | Snake:4  | Reached skill level 18 in Fighting
 42106 | Snake:4  | Got the Elucidation of Blazing Frostbite
 42731 | Snake:4  | Received a gift from Nemelex Xobeh
 43228 | Snake:4  | Got a serpentine rune of Zot
 43925 | Shoals:1 | Entered Level 1 of the Shoals
 44135 | D:15     | Bought an amulet of reflection for 360 gold pieces
 44624 | Shoals:1 | Found Zocro's Distillery.
 44996 | Shoals:1 | Reached XP level 18. HP: 147/173 MP: 19/19
 45002 | Shoals:1 | Upgraded the game from 0.30-a0-765-g3161bf10a1 to
                  | 0.30-a0-776-g08fbeb92c1
 45145 | Shoals:1 | Bought a potion of invisibility for 96 gold pieces
 45650 | Shoals:2 | Received a gift from Nemelex Xobeh
 45846 | Shoals:2 | Found Fixeudgh's Armour Shop.
 45964 | Shoals:2 | Bought the +7 plate armour of Ovvov {rF+ Str+3} for 783
                  | gold pieces
 46017 | Shoals:2 | Found Tyadwo's Gadget Gallery.
 46067 | Shoals:2 | Received a gift from Nemelex Xobeh
 46352 | Shoals:2 | Reached skill level 19 in Fighting
 46430 | Shoals:2 | Bought a condenser vane for 520 gold pieces
 46950 | Shoals:3 | Found Tasuff's Self-Improvement Boutique.
 47032 | Shoals:3 | Noticed Polyphemus
 47062 | Shoals:3 | Killed Polyphemus
 47291 | Shoals:3 | Received a gift from Nemelex Xobeh
 47516 | Shoals:3 | Noticed Mlioglotl
 47525 | Shoals:3 | Killed Mlioglotl
 47621 | Shoals:3 | Noticed Nikola
 47651 | Shoals:3 | Killed Nikola
 47954 | Shoals:3 | Identified the ring "Leetweadub" {rC+ Int+3 Stlth+}
 48479 | Shoals:4 | Entered Level 4 of the Shoals
 48662 | Shoals:4 | Reached skill level 5 in Dodging
 49063 | Shoals:4 | Received a gift from Nemelex Xobeh
 49254 | Shoals:4 | Identified the +8 long sword "Minotaur's Curse" {venom,
                  | rElec rN++ Will- Dex+2}
 49447 | Shoals:4 | Found Xahiul's Assorted Antiques.
 49456 | Shoals:4 | Bought a potion of might for 156 gold pieces
 49704 | Shoals:4 | Found the +3 Elemental Staff {rElec rF++ rC++ AC+5}
 49892 | Shoals:4 | Got a barnacled rune of Zot
 50362 | Vaults:1 | Entered Level 1 of the Vaults
 50485 | Vaults:1 | Reached XP level 19. HP: 177/184 MP: 21/21
 50532 | Vaults:1 | Reached skill level 20 in Fighting
 50537 | Vaults:1 | Found a flickering gateway to a bazaar.
 50558 | Vaults:1 | Reached skill level 1 in Long Blades
 50575 | Bazaar   | Entered a bazaar
 50588 | Bazaar   | Found Mihir's Magic Scroll Shoppe.
 50596 | Bazaar   | Bought a scroll of poison for 44 gold pieces
 50638 | Bazaar   | Found Biat's Book Shoppe.
 50663 | Bazaar   | Received a gift from Nemelex Xobeh
 50683 | Bazaar   | Found Golu's Assorted Antiques.
 50691 | Bazaar   | Bought a scroll of blinking for 135 gold pieces
 50726 | Bazaar   | Found Zomazio's Magic Scroll Boutique.
 50735 | Bazaar   | Bought a scroll of immolation for 24 gold pieces
 51442 | Vaults:1 | Received a gift from Nemelex Xobeh
 51782 | Vaults:1 | Reached skill level 5 in Long Blades
 52600 | Vaults:1 | Received a gift from Nemelex Xobeh
 53670 | Vaults:2 | Received a gift from Nemelex Xobeh
 53979 | Vaults:2 | Received a gift from Nemelex Xobeh
 54680 | Vaults:2 | Received a gift from Nemelex Xobeh
 55440 | Vaults:3 | Reached XP level 20. HP: 138/195 MP: 22/22
 55708 | Vaults:3 | Reached skill level 10 in Long Blades
 55744 | Vaults:3 | Received a gift from Nemelex Xobeh
 55855 | Vaults:3 | Noticed Donald
 55873 | Vaults:3 | Killed Donald
 57059 | Vaults:4 | Received a gift from Nemelex Xobeh
 57411 | Vaults:4 | Reached skill level 21 in Fighting
 57486 | Vaults:4 | Received a gift from Nemelex Xobeh
 58136 | Vaults:2 | Upgraded the game from 0.30-a0-776-g08fbeb92c1 to
                  | 0.30-a0-777-ga9a30cbeda
 58279 | Vaults:2 | Received a gift from Nemelex Xobeh
 58298 | Vaults:2 | Found a staircase to the Crypt.
 60527 | Vaults:4 | Received a gift from Nemelex Xobeh
 61370 | Vaults:4 | Reached skill level 5 in Invocations
 61919 | Vaults:4 | Identified the amulet "Erol" {Acrobat Str+2}
 62146 | Depths:1 | Entered Level 1 of the Depths
 62412 | Depths:1 | Reached XP level 21. HP: 197/198 MP: 23/23
 62545 | Depths:1 | Received a gift from Nemelex Xobeh
 62820 | Depths:2 | Found a gateway to Hell.
 63061 | Depths:2 | Reached skill level 22 in Fighting
 63623 | Depths:2 | Found a one-way gate leading to the halls of Pandemonium.
 64362 | Depths:2 | Received a gift from Nemelex Xobeh
 64892 | Depths:2 | Found a burning altar of Makhleb.
 64907 | Depths:2 | Identified the +9 eveningstar of Uncertain Death {heavy,
                  | rF+ Str+3}
 64909 | Depths:2 | Identified the +8 spear of Contradiction {freeze, rElec
                  | rN+}
 65027 | Depths:2 | Identified the ring "Setudets" {Fire rElec Dex+2 SInv
                  | Stlth-}
 65390 | Depths:2 | Upgraded the game from 0.30-a0-777-ga9a30cbeda to
                  | 0.30-a0-778-g2ef04afb54
 66093 | Depths:3 | Noticed Louise
 66115 | Depths:3 | Killed Louise
 66127 | Depths:3 | Reached skill level 23 in Fighting
 66159 | Depths:3 | Found a one-way gate to the infinite horrors of the Abyss.
 66242 | Depths:3 | Noticed Jory
 66249 | Depths:3 | Killed Jory
 66285 | Depths:3 | Gained mutation: You are weak. (Str -2) [a cacodemon]
 66308 | Depths:3 | Reached XP level 22. HP: 199/220 MP: 25/25
 66445 | Depths:3 | Found a runed translucent door.
 66446 | Depths:3 | Noticed a dread lich
 66446 | Depths:3 | Found a runed translucent door.
 66447 | Depths:3 | Found a runed translucent door.
 66696 | Depths:4 | Entered Level 4 of the Depths
 66761 | Depths:4 | Received a gift from Nemelex Xobeh
 67014 | Depths:4 | Noticed a juggernaut
 67020 | Depths:4 | Killed a juggernaut
 67303 | Depths:4 | Found a gate to the Realm of Zot.
 67691 | Depths:4 | Noticed the Enchantress
 67708 | Depths:4 | Killed the Enchantress
 67935 | Depths:4 | Identified the +0 robe "Plog" {Str+2}
 67975 | Depths:4 | Received a gift from Nemelex Xobeh
 68096 | Depths:4 | Identified the +1 trident "Dymium" {drain, rElec Int+8
                  | Dex-3}
 68096 | Depths:4 | Identified the +3 chain mail "Hypre" {Str+2 Dex+5}
 68118 | Depths:4 | Noticed a juggernaut
 68179 | Depths:4 | Identified the +7 shortbow "Gics" {speed, rElec Dex+3}
 68413 | Depths:3 | Killed a dread lich
 68750 | Depths:3 | Noticed a caustic shrike
 68750 | Depths:3 | Identified the amulet "Ohityl" {Faith rPois rC+ Int+2}
 68751 | Depths:3 | Noticed a juggernaut
 68809 | Depths:3 | Killed a caustic shrike
 68819 | Depths:3 | Killed a juggernaut
 68823 | Depths:3 | Reached skill level 24 in Fighting
 68827 | Depths:3 | Identified the ring "Adotooma" {Ice rElec rPois Will+ MP+9
                  | Str-4}
 68827 | Depths:3 | Identified the ring of Idealism {rElec rF+ rC- Dex+8}
 68968 | Depths:3 | Identified the ring of Withriq {Ice Dex+3}
 68987 | Depths:3 | Found a burning altar of Makhleb.
 69318 | Depths:1 | Noticed Asterion
 69749 | Depths:1 | Found a one-way gateway to a ziggurat.
 69768 | Depths:1 | Reached skill level 5 in Ranged Weapons
 69768 | Depths:1 | Reached XP level 23. HP: 232/232 MP: 26/26
 69884 | Depths:1 | Found a sparkling altar of Nemelex Xobeh.
 69908 | Depths:1 | Killed Asterion
 70639 | Vaults:5 | Entered Level 5 of the Vaults
 71252 | Vaults:4 | Reached skill level 1 in Polearms
 74272 | Vaults:5 | Reached skill level 5 in Polearms
 75017 | Vaults:5 | Identified the amulet "Socenom" {Regen+ Dex+3 SInv}
 75191 | Vaults:5 | Identified the +8 dagger of the Extremes {heavy, rF+ rCorr
                  | Int+5}
 75542 | Vaults:5 | Received a gift from Nemelex Xobeh
 75588 | Vaults:5 | Noticed an ancient lich
 75866 | Vaults:5 | Reached skill level 25 in Fighting
 76503 | Vaults:5 | Got a silver rune of Zot
 76552 | Vaults:5 | Found Oryt's Jewellery Emporium.
 76628 | Vaults:5 | Killed an ancient lich
 76690 | Vaults:5 | Found Vegyguck's Antique Armour Boutique.
 76735 | Vaults:5 | Reached skill level 10 in Axes
 77301 | Slime:1  | Entered Level 1 of the Pits of Slime
 77307 | Slime:2  | Found a viscous altar of Jiyva.
 77338 | Slime:2  | Gained mutation: You sometimes lose your temper in combat.
                  | [a shining eye]
 77605 | Lair:4   | Reached XP level 24. HP: 239/243 MP: 26/26
 78562 | Slime:1  | Gained mutation: You occasionally lose the ability to drink
                  | potions when taking damage. [a shining eye]
 79065 | Slime:2  | HP: 5/243 [rockslime (33)]
 79065 | Slime:2  | Annihilated by a titanic slime creature

Illustrated notes

Levels and vault maps discovered:
D:1:      arrival_zaba_pyramid, layout_loops_corners
D:2:      layout_basic, kennysheep_small_spiral, serial_bayou_ford_a, uniq_robin
D:3:      layout_rooms, lemuel_round_altar, nicolae_overflow_squiral,
          minmay_misc_feat_rugged, uniq_natasha
D:4:      layout_loops_cross, nicolae_vehumet_altar_sigil,
          kennysheep_generic_room_2, uniq_eustachio, uniq_grinder
D:5:      layout_cave_pools, lemuel_round_altar, lemuel_crystal_altar,
          trog_ov_bears_minmay, ebering_ghost_sewer_d, uniq_menkaure,
          uniq_crazy_yiuf_cottage
D:6:      gammafunk_wand_slinger, layout_layer_cave,
          ashenzari_conservatory_becter, minmay_temple_entry_enclosed_plants
D:7:      layout_cave_pools, serial_column_ruins,
          column_ruins_courtyard_long_water, column_ruins_open_tiny,
          column_ruins_open_small, column_ruins_columns_straight,
          column_ruins_open_large, column_ruins_open_tiny, st_stairs_6,
          minmay_shop_grid_forest
D:8:      layout_layer_cave, makhleb_blood_cavern_becter,
          nicolae_yredelemnul_ghost_church, lair_entry_dummy, serial_shops,
          shop, uniq_amaemon
D:9:      layout_stronghold, enter_bailey_5
D:10:     layout_gridville, mainiacjoe_overflow_cross_hatched, uniq_sonja
D:11:     layout_loops_cross, orc_0_dummy, serial_demonic, serial_demonic_e,
          serial_demonic_f, serial_demonic_a, serial_demonic_b,
          serial_demonic_b, serial_demonic_f, serial_demonic_e, uniq_erolcha
D:12:     layout_roguey, special_room [special_room_bee], kb_rosetta
D:13:     layout_basic, david_vaults_5, uniq_jorgrun
D:14:     layout_rooms, serial_glass, glass_columns_a, glass_columns_b,
          reono_crystal_passage, uniq_lodul
D:15:     grunt_enter_depths_magical_seal, layout_loops_ring, serial_shops,
          nicolae_lakefront_shop, shop_fountains, nicolae_shop_statue_plus,
          shop_coins, shop, nicolae_qazlal_style_of_elements
Lair:1:   layout_chaotic_city, serial_bayou_shore_a, grunt_megastairs_5,
          serial_bayou_shore_b
Lair:2:   layout_gridlike, minmay_shoals_entry_lonely_mermaid,
          guppyfry_lair_drakes, lemuel_fruit_tree
Lair:3:   layout_chaotic_city, nicolae_snake_entry_squirm, worms_lemuel
Lair:4:   layout_cave_shapes, dpeg_slime_entry_enclosed,
          infiniplex_staircase_pool_2
Lair:5:   cheibrodos_lair_end_hotspot, layout_regular_city, uniq_josephine
Shoals:1: layout_shoals, serial_shops, nicolae_shop_window_shopping
Shoals:2: layout_shoals, serial_shops, shop, nicolae_shop_gadgets
Shoals:3: cheibrodos_shoals_three_sisters, layout_shoals,
          nicolae_shoals_lost_giant_amphitheater, nicolae_shop_self_help,
          uniq_mlioglotl, uniq_polyphemus, uniq_nikola
Shoals:4: shoals_end_hangedman, layout_shoals, serial_shops,
          nicolae_lakefront_shop
Snake:1:  layout_basic, grunt_ministairs_12, uniq_agnes
Snake:2:  layout_misc_corridors, grunt_megastairs_4
Snake:3:  layout_honeycomb, gammafunk_ghost_arena, uniq_kirke, uniq_vashnia,
          uniq_aizul
Snake:4:  snake_pit_salamanders_mu, layout_rooms, serial_curves, eino_curves_02,
          eino_curves_04, nicolae_snake_snakewalk
Slime:1:  layout_caves
Slime:2:  layout_caves, basic_altar
Slime:3:  layout_caves, nicolae_slime_round_cave
Orc:1:    layout_caves
Orc:2:    grunt_orc_tribal_feast, layout_diamond_mine
Vaults:1: nicolae_vaults_arrows, nicolae_vaults_good_morning_starshine,
          grunt_vaults_focal, nicolae_vaults_circle_grid_b,
          ontoclasm_vaults_pinch, vaults_standard_mumra_enter_the_diamond,
          nicolae_vaults_three_branches, vaults_standard_mumra_x, serial_ice_m,
          vaults_dpeg_emergency_exit, v_misc_26, grunt_vaults_funnel,
          hangedman_vaults_impose, ontoclasm_vaults_ring_square,
          nicolae_vaults_gold_heap, layout_vaults_omnibox, serial_shops,
          bzr_entry_lakeside
Vaults:2: v_pattern_1, nicolae_vaults_angled_halls, vaults_room_pool, v_rooms_5,
          minmay_crypt_entry_simple_statues, ontoclasm_vaults_loading_screen,
          v_misc_30, nicolae_vaults_border_crossing, layout_vaults_omnigrid
Vaults:3: nicolae_vaults_windows_and_doors_thing,
          nicolae_vaults_network_periphery,
          vaults_standard_mumra_enter_the_diamond, grunt_vaults_trifunnel,
          v_misc_22, v_misc_30, ontoclasm_vaults_tryst, grunt_vaults_twisty,
          nicolae_vaults_big_angled_halls, vaults_room_stairs_pillars,
          vaults_room_pools, layout_vaults_ring, uniq_donald
Vaults:4: v_alt_pattern_1, vaults_mumra_minichess, vaults_room_stairs_pillars,
          hangedman_vaults_restitches, v_misc_25, v_misc_33,
          nicolae_vaults_alarming, vaults_room_stairs_pillars,
          vaults_mumra_hexcomb, vaults_room_door_ring, dpeg_vaults_monster_box,
          layout_vaults_chaotic_city
Vaults:5
Depths:1: layout_basic, enter_ziggurat_e, pf_hell_entry_tar_river, minivault_14,
          nemelex_altar_shiori, nicolae_triple_integral, uniq_asterion
Depths:2: evilmike_makhleb_hellhole, layout_cave_pools, grunt_pan_entry_zigzag,
          infiniplex_staircase_spiral_double, hell_entry, grunt_megastairs_3,
          serial_bayou_shore_b
Depths:3: minmay_the_grid_triangle_9x9_line_8_mashed
          [minmay_the_grid_triangle_9x9_fully_insulated_deathbox,
          minmay_the_grid_triangle_9x9_skeleton,
          minmay_the_grid_triangle_9x9_dagger,
          minmay_the_grid_triangle_9x9_corrupted_corridor,
          minmay_the_grid_triangle_9x9_wacky_v,
          minmay_the_grid_triangle_9x9_stretched_checkered,
          minmay_the_grid_triangle_9x9_shrine,
          minmay_the_grid_triangle_9x9_prize_special], layout_basic,
          nicolae_abyss_entry_one_way_or_another, grunt_pan_entry_in_and_out,
          hell_entry, firewood_loft, infiniplex_staircase_squiggle,
          serial_bayou_shore_b, serial_bayou_shore_b, uniq_jory
Depths:4: grunt_x_marks_the_spot, layout_gridlike, hell_entry,
          horrible_house_mu, uniq_enchantress

Skill      XL: |  1  2  3  4  5  6  7  8  9 10 11 12 13 14 15 16 17 18 19 20 21 22 23 |
---------------+----------------------------------------------------------------------+-----
Armour         | 4 5 6 7 8 10 11 13 15 16 17 18 19 20 21 22 23 24 | 24.1
Fighting       | 4 5 6 7 8 10 12 13 15 16 17 18 19 20 21 23 24 25 | 25.2
Shields        | 4 5 7 8 9 10 12 14 15 17 18 20 21 22 23 | 23.3
Axes           | 3 4 5 6 10 | 10.4
Dodging        | 1 2 3 4 5 6 |  6.5
Maces & Flails | 4 7 10 12 14 15 16 17 18 19 20 21 22 23 24 | 24.6
Stealth        | 1 2 3 4 |  4.3
Throwing       | 1 2 3 |  3.5
Evocations     | 1 2 3 |  3.3
Invocations    | 1 2 3 4 5 6 |  6.1
Ranged Weapons | 1 5 6 |  6.7
Long Blades    | 9 10 | 10.3
Polearms       | 7 |  7.1

Action                     |  1- 3 |  4- 6 |  7- 9 | 10-12 | 13-15 | 16-18 | 19-21 | 22-24 || total
---------------------------+-------+-------+-------+-------+-------+-------+-------+-------++-------
  Melee: War axe           |    73 |    74 |       |       |       |       |       |   244 ||   391
         Headbutt          |    11 |    14 |    26 |   124 |   284 |   384 |   543 |   323 ||  1709
         Flail             |       |     2 |   194 |   534 |  1056 |  1400 |  1004 |   103 ||  4293
         Long sword        |       |       |       |       |       |       |   525 |       ||   525
         Eveningstar       |       |       |       |       |       |       |   111 |   310 ||   421
         Spear             |       |       |       |       |       |       |       |   335 ||   335
         Punch             |       |       |       |       |       |       |       |     4 ||     4
   Fire: Shortbow          |       |       |       |       |     7 |       |       |    99 ||   106
  Throw: Dart              |       |     2 |     2 |    16 |       |     3 |       |     3 ||    26
         Javelin           |       |     3 |       |     1 |       |       |       |       ||     4
         Boomerang         |       |       |       |       |       |     2 |       |       ||     2
 Invoke: Draw Destruction  |       |       |     1 |    16 |    17 |     8 |    18 |    14 ||    74
         Draw Escape       |       |       |       |     6 |     2 |     1 |     3 |       ||    12
         Draw Stack        |       |       |       |       |     9 |     8 |     7 |     5 ||    29
         Stack Five        |       |       |       |       |     2 |     2 |     2 |       ||     6
         Triple Draw       |       |       |       |       |       |     3 |     5 |     5 ||    13
         Draw Summoning    |       |       |       |       |       |       |     2 |     3 ||     5
Ability: Evoke Blink       |       |       |       |       |     1 |     2 |     6 |     2 ||    11
  Evoke: Wand              |       |       |     2 |    10 |     2 |     5 |     4 |     2 ||    25
         Tin of tremorston |       |       |       |       |       |     1 |       |       ||     1
         Condenser vane    |       |       |       |       |       |       |       |     1 ||     1
    Use: Potion            |       |     1 |     3 |     4 |     2 |       |     8 |    14 ||    32
         Scroll            |       |       |     6 |     9 |     8 |    15 |    10 |     9 ||    57
   Stab: Petrified         |       |       |       |       |     3 |       |       |       ||     3
         Petrifying        |       |       |       |       |     2 |       |       |       ||     2
         Distracted        |       |       |       |       |       |     1 |       |     2 ||     3
 Armour: Scale mail        |    34 |    31 |    23 |       |       |       |       |       ||    88
         Plate armour      |       |       |    57 |   276 |   456 |   581 |   923 |   715 ||  3008
         Fire dragon scale |       |       |     1 |       |       |       |       |       ||     1
  Dodge: Dodged            |    39 |    42 |    62 |   222 |   352 |   582 |  1046 |   620 ||  2965
  Block: Buckler           |    10 |    23 |    46 |   177 |   367 |   682 |   903 |   236 ||  2444
         Reflection        |       |       |       |       |       |    34 |       |       ||    34

Table legend: (Time is in decaauts)
 A = Elapsed time spent in this place.
 B = Non-inter-level travel time spent in this place.
 C = Inter-level travel time spent in this place.
 D = Time resting spent in this place.
 E = Time spent auto-exploring this place.
 F = Levels seen in this place.
 G = Mean time per level.
                   A        B        C        D        E       F      G
               +--------+--------+--------+--------+--------+-----+--------+
         Total |  78182 |  73143 |   5039 |   8935 |  11916 |  44 | 1776.9 |
       Dungeon |  26670 |  24931 |   1739 |   1967 |   2409 |  15 | 1778.0 |
          Lair |   8716 |   7883 |    833 |    448 |   2493 |   5 | 1743.2 |
        Shoals |   5647 |   5466 |    181 |    270 |   1800 |   4 | 1411.8 |
     Snake Pit |   8047 |   7054 |    993 |    632 |   1222 |   4 | 2011.8 |
    Slime Pits |    741 |    739 |      2 |     82 |    287 |   3 |  247.0 |
  Orcish Mines |   1693 |   1679 |     14 |    227 |     89 |   2 |  846.5 |
        Vaults |  17308 |  16630 |    678 |   4591 |   1942 |   5 | 3461.6 |
        Depths |   8493 |   7897 |    596 |    718 |   1397 |   4 | 2123.2 |
        Bazaar |    456 |    456 |      0 |      0 |    276 |   1 |  456.0 |
        Bailey |    409 |    409 |      0 |      0 |      0 |   1 |  409.0 |
               +--------+--------+--------+--------+--------+-----+--------+

Top non-repeatable levels by time:
Vaults:4: 6927 daAuts
Vaults:1: 3291 daAuts
Depths:2: 2862 daAuts
Vaults:2: 2668 daAuts
 Snake:4: 2591 daAuts
     D:8: 2554 daAuts
     D:9: 2516 daAuts
    D:12: 2480 daAuts
Vaults:5: 2229 daAuts
  Lair:5: 2199 daAuts
Vaults:3: 2191 daAuts
  Lair:4: 2179 daAuts
 Snake:1: 2094 daAuts
Depths:3: 2071 daAuts
 Snake:3: 2037 daAuts
